 Dungeon Crawl Stone Soup version 0.29.1-15-g9cfb28693d (webtiles) character file.

Game seed: 2879575123231966479

6 croobank the Sneak (level 1, 0/16 HPs)
             Began as an Octopode Delver on Mar 6, 2023.
             Slain by an iguana (13 damage)
             ... on level 6 of the Dungeon.
             The game lasted 00:00:44 (223 turns).

croobank the Sneak (Octopode Delver)                 Turns: 223, Time: 00:00:45

Health: 0/16       AC:  1    Str: 11    XL:     1   Next: 90%
Magic:  1/1        EV: 13    Int: 12    God:
Gold:   15         SH:  0    Dex: 13    Spells: 0/0 levels left

rFire   . . .      SeeInvis .   a - +0 hand axe
rCold   . . .      Faith    .   (no shield)
rNeg    . . .      Spirit   .   (helmet restricted)
rPois   .          Reflect  .   (no amulet)
rElec   .          Harm     .   (no ring)
rCorr   .          Rampage  .   (no ring)
Will    .....                   (no ring)
Stlth   ++++......              (no ring)
HPRegen 0.05/turn               (no ring)
MPRegen 0.07/turn               (no ring)
                                (no ring)
                                (no ring)

@: no status effects
A: almost no armour, amphibious, 8 rings, camouflage 1, gelatinous body 1,
(nimble swimmer 1), tentacles
a: no special abilities


You were on level 6 of the Dungeon.
You visited 1 branch of the dungeon, and saw 2 of its levels.

You collected 15 gold pieces.

Inventory:

Hand Weapons
 a - a +0 hand axe (weapon)
 g - a +2 mace of protection
Wands
 f - a wand of digging (3)
 h - a wand of flame (17)
Scrolls
 b - a scroll of fog
 c - 4 scrolls of magic mapping
 d - a scroll of fear
Potions
 e - a potion of haste


   Skills:
 + Level 3.1 Fighting
 + Level 2.1 Axes
 + Level 2.1 Dodging
 + Level 6.7 Stealth


You couldn't memorise any spells.
You didn't know any spells.
Your spell library was empty.

Dungeon Overview and Level Annotations

Branches:
Dungeon (6/15)
 Temple: D:4-7

Altars:
Okawaru


Innate Abilities, Weirdness & Mutations

You cannot wear most types of armour.
You are amphibious.
You can wear up to eight rings at the same time.
Your skin changes colour to match your surroundings (Stealth+).
Your rubbery body absorbs attacks. (AC +1, EV +1)
((You are camouflaged when in or above water. (Stealth+)))
You have tentacles for arms and can constrict up to eight enemies at once.


Message History

The orc is heavily wounded.
You constrict the orc. The orc misses you.
You hit the orc.
You kill the orc!
You hit the orc. Your grab misses the orc. You squeeze the orc.
You kill the orc!
You closely miss the orc. You grab the orc. You constrict the orc.
The orc misses you.
You slash the orc!
You kill the orc!
No target in view!
Things that are here:
a +0 hand axe; a +0 leather armour
Items here: ( )) [ †.
You start resting.
HP restored.
g - a +2 mace of protection
Items here: ( ) [ †.
You see here a +0 ring mail.
h - a wand of flame (17)
Found a stone staircase leading down.
A scorpion comes into view.
There is a stone staircase leading down here.
You climb downwards.
There is a stone staircase leading up here.
An ufetubus comes into view.
An iguana comes into view.
The helpless iguana fails to defend itself.
You slash the iguana! Your grab misses the iguana.
The iguana is heavily wounded.
The iguana completely misses you.
You hit the iguana but do no damage. Your grab misses the iguana.
The iguana is heavily wounded.
The iguana barely misses you. The iguana bites you.
You hit the iguana but do no damage. You grab the iguana.
The iguana is heavily wounded.
You constrict the iguana, but do no damage.
The iguana bites you!
Ouch! That really hurt!
You die...

###.. .#.##
####....#
#.......
#.##....
#.##.#.#
#.##.#l#
#<##.#@#
###.##.#.####..
#..........5....
###.#...........
+......#####..#
##.#.### .#
.....# ###.#..
......


You could see an iguana.

Vanquished Creatures
  3 orcs (D:5)
3 creatures vanquished.

Notes
Turn   | Place    | Note
-------+----------+-------------------------------------------
     0 | D:5      | croobank the Octopode Delver began the quest for the Orb.
     0 | D:5      | Reached XP level 1. HP: 16/16 MP: 1/1
     5 | D:6      | Noticed an orc warrior
     5 | D:6      | Noticed an orc priest
     5 | D:6      | Noticed an orc wizard
    26 | D:5      | Found an iron altar of Okawaru.
   183 | D:5      | Noticed a scorpion
   218 | D:6      | Noticed an iguana
   223 | D:6      | Slain by an iguana

Illustrated notes

Levels and vault maps discovered:
D:5:      layout_loops_ring, nicolae_ru_path_of_blood, old_standard_altar,
          glass_columns_a, serial_park_tiny_2, minmay_misc_feat_alley,
          uniq_crazy_yiuf_cottage
D:6:      layout_loops_ring, mainiacjoe_overflow_alcove_4, nicolae_hexahallways,
          uniq_prince_ribbit1

Action                   || total
-------------------------++-------
Melee: Hand axe          ||     9
       Constrict         ||     3
       Tentacles         ||     1
 Stab: Sleeping          ||     1
Dodge: Dodged            ||     5
